SAA
PROVIDENCE PILGRIMS @ TACOMA FUR TRADERS
07/02/2042
 
TOP OF THE 1ST
Providence Pilgrims batting - Pitching for Tacoma Fur Traders : RHP Pascal Durand
Pitching: RHP Pascal Durand
Batting: LHB David Davis 0-0: Ball
1-0: Ball
2-0: Ball
3-0: Foul Ball, location: 2F
3-1: Base on Balls
Batting: LHB César Valtez 0-0: Called Strike
0-1: Ball
1-1: Grounds into double play, 4-6-3 (Groundball, 4, EV 87.5 MPH)
Batting: RHB Ramón Gabriel 0-0: Ball
1-0: Ball
2-0: SINGLE (Line Drive, 6MD, EV 93.8 MPH)
Batting: RHB Gabriel Méndez 0-0: Swinging Strike
0-1: Foul Ball, location: 2F
0-2: Ball
1-2: Foul Ball, location: 2F
1-2: Strikes out swinging
Top of the 1st over - 0 runs, 1 hit, 0 errors, 1 left on base; Providence 0 - Tacoma 0
BOTTOM OF THE 1ST
Tacoma Fur Traders batting - Pitching for Providence Pilgrims : LHP Bill Aylwin
Pitching: LHP Bill Aylwin
Batting: RHB Axel Chicote 0-0: Foul Ball, location: 2F
0-1: Ball
1-1: Ball
2-1: Ground out 3-1 (Groundball, 34, EV 79.4 MPH)
Batting: LHB Sam Bickerton 0-0: Foul Ball, location: 2F
0-1: Ball
1-1: Fly out, F8 (Line Drive, 8RM, EV 98.8 MPH)
Batting: RHB Félix Olvera 0-0: Ball
1-0: Called Strike
1-1: Ball
2-1: Foul Ball, location: 2F
2-2: Strikes out swinging
Bottom of the 1st over - 0 runs, 0 hits, 0 errors, 0 left on base; Providence 0 - Tacoma 0
TOP OF THE 2ND
Providence Pilgrims batting - Pitching for Tacoma Fur Traders : RHP Pascal Durand
Batting: RHB Chris Hall 0-0: Foul Ball, location: 2F
0-1: Ball
1-1: Ground out 4-3 (Groundball, 4, EV 91.2 MPH)
Batting: RHB Carlos González 0-0: Called Strike
0-1: Ball
1-1: Fly out, F9 (Flyball, 89S, EV 100.0 MPH)
Batting: RHB Barend Huijbregts 0-0: Called Strike
0-1: SINGLE (Line Drive, 8RS, EV 90.0 MPH)
Batting: RHB Allen Kelley 0-0: SINGLE (Line Drive, 4D, EV 96.9 MPH)
Barend Huijbregts to second
Batting: RHB Jesse McCoy 0-0: Ball
1-0: Ball
2-0: Ball
3-0: Base on Balls
Barend Huijbregts to third
Allen Kelley to second
Batting: LHB David Davis 0-0: Called Strike
0-1: Ball
1-1: Swinging Strike
1-2: Strikes out swinging
Top of the 2nd over - 0 runs, 2 hits, 0 errors, 3 left on base; Providence 0 - Tacoma 0
BOTTOM OF THE 2ND
Tacoma Fur Traders batting - Pitching for Providence Pilgrims : LHP Bill Aylwin
Batting: RHB Manuel Acosta 0-0: Ball
1-0: Ball
2-0: Ball
3-0: Called Strike
3-1: Foul Ball, location: 2F
3-2: Base on Balls
Batting: LHB Cho-yun Yip 0-0: Fly out, F7 (Flyball, 78D, EV 96.2 MPH)
Batting: RHB Jeroen Penning 0-0: Ball
1-0: Called Strike
1-1: Ball
2-1: Foul Ball, location: 2F
2-2: Strikes out swinging
Batting: LHB Hori Ikenaki 0-0: Ball
1-0: Fly out, F8 (Line Drive, 8LD, EV 92.5 MPH)
Bottom of the 2nd over - 0 runs, 0 hits, 0 errors, 1 left on base; Providence 0 - Tacoma 0
TOP OF THE 3RD
Providence Pilgrims batting - Pitching for Tacoma Fur Traders : RHP Pascal Durand
Batting: LHB César Valtez 0-0: Called Strike
0-1: Ball
1-1: Ball
2-1: Foul Ball, location: 2F
2-2: SINGLE (Groundball, 4MS, EV 68.8 MPH) (infield hit)
Batting: RHB Ramón Gabriel 0-0: Fielders Choice at 2nd, 5-4 (Groundball, 56S, EV 85.6 MPH)
Batting: RHB Gabriel Méndez 0-0: Ball
1-0: Ball
2-0: Called Strike
2-1: Called Strike
2-2: Strikes out swinging
Batting: RHB Chris Hall 0-0: Ball
1-0: Called Strike
1-1: Ball
2-1: Foul Ball, location: 2F
2-2: Foul Ball, location: 2F
2-2: SINGLE (Popup, 3D, EV 51.2 MPH)
Ramón Gabriel to second
Runner from 2nd tries for 3rd, SAFE, no throw by 2B
Batting: RHB Carlos González 0-0: Fly out, F6 (Popup, 6, EV 67.5 MPH)
Top of the 3rd over - 0 runs, 2 hits, 0 errors, 2 left on base; Providence 0 - Tacoma 0
BOTTOM OF THE 3RD
Tacoma Fur Traders batting - Pitching for Providence Pilgrims : LHP Bill Aylwin
Batting: RHB Eduardo Sainz 0-0: Fly out, F4 (Popup, 3S, EV 74.4 MPH)
Batting: RHB Ramón García 0-0: Ball
1-0: Fly out, F8 (Flyball, 8LM, EV 83.8 MPH)
Batting: RHB Axel Chicote 0-0: Ball
1-0: Fly out, F8 (Flyball, 78D, EV 98.8 MPH)
Bottom of the 3rd over - 0 runs, 0 hits, 0 errors, 0 left on base; Providence 0 - Tacoma 0
TOP OF THE 4TH
Providence Pilgrims batting - Pitching for Tacoma Fur Traders : RHP Pascal Durand
Batting: RHB Barend Huijbregts 0-0: Called Strike
0-1: Ball
1-1: Ball
2-1: Foul Ball, location: 2F
2-2: Ground out 4-3 (Groundball, 4, EV 81.9 MPH)
Batting: RHB Allen Kelley 0-0: Ball
1-0: Ball
2-0: Ground out 6-3 (Groundball, 6S, EV 83.8 MPH)
Batting: RHB Jesse McCoy 0-0: Ball
1-0: Fly out, F8 (Flyball, 78M, EV 86.2 MPH)
Top of the 4th over - 0 runs, 0 hits, 0 errors, 0 left on base; Providence 0 - Tacoma 0
BOTTOM OF THE 4TH
Tacoma Fur Traders batting - Pitching for Providence Pilgrims : LHP Bill Aylwin
Batting: LHB Sam Bickerton 0-0: Ball
1-0: Called Strike
1-1: Ball
2-1: Ball
3-1: SINGLE (Groundball, 4MD, EV 95.0 MPH)
Batting: RHB Félix Olvera 0-0: Called Strike
0-1: Called Strike
0-2: Ball
1-2: Strikes out swinging
Batting: RHB Manuel Acosta 0-0: Swinging Strike
0-1: Ball
1-1: Swinging Strike
1-2: Foul Ball, location: 2F
1-2: Fly out, F3 (Popup, 3S, EV 81.9 MPH)
Batting: LHB Cho-yun Yip 0-0: Ball
1-0: Ball
2-0: Swinging Strike
2-1: Fly out, F7 (Line Drive, 7, EV 91.9 MPH)
Bottom of the 4th over - 0 runs, 1 hit, 0 errors, 1 left on base; Providence 0 - Tacoma 0
TOP OF THE 5TH
Providence Pilgrims batting - Pitching for Tacoma Fur Traders : RHP Pascal Durand
Batting: LHB David Davis 0-0: Called Strike
0-1: Called Strike
0-2: Strikes out swinging
Batting: LHB César Valtez 0-0: Called Strike
0-1: Fly out, F8 (Flyball, 8LS, EV 84.4 MPH)
Batting: RHB Ramón Gabriel 0-0: Called Strike
0-1: Ground out 4-3 (Groundball, 34, EV 81.2 MPH)
Top of the 5th over - 0 runs, 0 hits, 0 errors, 0 left on base; Providence 0 - Tacoma 0
BOTTOM OF THE 5TH
Tacoma Fur Traders batting - Pitching for Providence Pilgrims : LHP Bill Aylwin
Batting: RHB Jeroen Penning 0-0: Foul Ball, location: 2F
0-1: SINGLE (Groundball, 34D, EV 99.4 MPH)
Batting: LHB Hori Ikenaki 0-0: Ball
1-0: Bunted foul
1-1: Sac Bunt to 13 - play at first, batter OUT! 1-4
Jeroen Penning to second
Batting: RHB Eduardo Sainz 0-0: Ball
1-0: Ball
2-0: Called Strike
2-1: Fly out, F8 (Flyball, 8RD, EV 90.6 MPH)
Batting: RHB Ramón García 0-0: Ball
1-0: Ball
2-0: Fly out, F9 (Flyball, 9LMF, EV 74.4 MPH)
Bottom of the 5th over - 0 runs, 1 hit, 0 errors, 1 left on base; Providence 0 - Tacoma 0
TOP OF THE 6TH
Providence Pilgrims batting - Pitching for Tacoma Fur Traders : RHP Pascal Durand
Batting: RHB Gabriel Méndez 0-0: Foul Ball, location: 2F
0-1: Foul Ball, location: 2F
0-2: Foul Ball, location: 2F
0-2: Ball
1-2: Ball
2-2: Ball
3-2: Fly out, F7 (Flyball, 78D, EV 101.9 MPH)
Batting: RHB Chris Hall 0-0: Ball
1-0: Swinging Strike
1-1: Called Strike
1-2: Ball
2-2: Strikes out looking
Batting: RHB Carlos González 0-0: Foul Ball, location: 2F
0-1: Foul Ball, location: 2F
0-2: Ball
1-2: Foul Ball, location: 2F
1-2: Fly out, F3 (Popup, 3, EV 61.9 MPH)
Top of the 6th over - 0 runs, 0 hits, 0 errors, 0 left on base; Providence 0 - Tacoma 0
BOTTOM OF THE 6TH
Tacoma Fur Traders batting - Pitching for Providence Pilgrims : LHP Bill Aylwin
Batting: RHB Axel Chicote 0-0: Fly out, F2 (Popup, 23F, EV 76.9 MPH)
Batting: LHB Sam Bickerton 0-0: Called Strike
0-1: Called Strike
0-2: Ball
1-2: Ball
2-2: Strikes out swinging
Batting: RHB Félix Olvera 0-0: Swinging Strike
0-1: Ball
1-1: Swinging Strike
1-2: Strikes out looking
Bottom of the 6th over - 0 runs, 0 hits, 0 errors, 0 left on base; Providence 0 - Tacoma 0
TOP OF THE 7TH
Providence Pilgrims batting - Pitching for Tacoma Fur Traders : RHP Pascal Durand
Batting: RHB Barend Huijbregts 0-0: Ball
1-0: Ball
2-0: Ball
3-0: Base on Balls
Batting: RHB Allen Kelley 0-0: Sac Bunt to 13S - play at first, batter OUT! 1-4
Barend Huijbregts to second
Batting: RHB Jesse McCoy 0-0: Called Strike
0-1: DOUBLE (Groundball, 5L, EV 103.8 MPH)
Barend Huijbregts scores
Batting: LHB David Davis 0-0: Foul Ball, location: 2F
0-1: Ball
1-1: TRIPLE (Flyball, 78XD, EV 107.5 MPH)
Jesse McCoy scores
Batting: LHB César Valtez 0-0: Ball
1-0: Called Strike
1-1: Ball
2-1: Swinging Strike
2-2: Fly out, F7 (Flyball, 7, EV 93.1 MPH)
Runner from 3rd tags up, SCORES, throw by LF
Batting: RHB Ramón Gabriel 0-0: Fly out, F5 (Popup, 5F, EV 76.2 MPH)
Top of the 7th over - 3 runs, 2 hits, 0 errors, 0 left on base; Providence 3 - Tacoma 0
BOTTOM OF THE 7TH
Tacoma Fur Traders batting - Pitching for Providence Pilgrims : LHP Bill Aylwin
Batting: RHB Manuel Acosta 0-0: Called Strike
0-1: Ball
1-1: Foul Ball, location: 2F
1-2: Strikes out swinging
Batting: LHB Cho-yun Yip 0-0: Foul Ball, location: 2F
0-1: Fly out, F6 (Popup, 6MS, EV 69.4 MPH)
Batting: RHB Jeroen Penning 0-0: Called Strike
0-1: Ball
1-1: Fly out, F9 (Flyball, 9S, EV 90.0 MPH)
Bottom of the 7th over - 0 runs, 0 hits, 0 errors, 0 left on base; Providence 3 - Tacoma 0
TOP OF THE 8TH
Providence Pilgrims batting - Pitching for Tacoma Fur Traders : RHP Pascal Durand
Pitching: RHP Kenny Caird
Batting: RHB Gabriel Méndez 0-0: Called Strike
0-1: Fly out, F8 (Flyball, 8LD, EV 87.5 MPH)
Batting: RHB Chris Hall 0-0: Foul Ball, location: 2F
0-1: Ground out 6-3 (Groundball, 6M, EV 96.9 MPH)
Batting: RHB Carlos González 0-0: Ball
1-0: Ball
2-0: Foul Ball, location: 2F
2-1: Ball
3-1: Fly out, F8 (Flyball, 89D, EV 96.2 MPH)
Top of the 8th over - 0 runs, 0 hits, 0 errors, 0 left on base; Providence 3 - Tacoma 0
BOTTOM OF THE 8TH
Tacoma Fur Traders batting - Pitching for Providence Pilgrims : LHP Bill Aylwin
Batting: LHB Hori Ikenaki 0-0: Ball
1-0: Fly out, F9 (Flyball, 89D, EV 90.6 MPH)
Batting: RHB Eduardo Sainz 0-0: Ball
1-0: Ball
2-0: Called Strike
2-1: Swinging Strike
2-2: Strikes out swinging
Batting: RHB Ramón García 0-0: Foul Ball, location: 2F
0-1: Ball
1-1: Foul Ball, location: 2F
1-2: Fly out, F9 (Line Drive, 9S, EV 91.9 MPH)
Bottom of the 8th over - 0 runs, 0 hits, 0 errors, 0 left on base; Providence 3 - Tacoma 0
TOP OF THE 9TH
Providence Pilgrims batting - Pitching for Tacoma Fur Traders : RHP Kenny Caird
Batting: RHB Barend Huijbregts 0-0: Called Strike
0-1: Foul Ball, location: 2F
0-2: Ball
1-2: Strikes out swinging
Batting: RHB Allen Kelley 0-0: Foul Ball, location: 2F
0-1: Swinging Strike
0-2: Strikes out swinging
Batting: RHB Jesse McCoy 0-0: Foul Ball, location: 2F
0-1: Fly out, F7 (Flyball, 7D, EV 107.5 MPH)
Top of the 9th over - 0 runs, 0 hits, 0 errors, 0 left on base; Providence 3 - Tacoma 0
BOTTOM OF THE 9TH
Tacoma Fur Traders batting - Pitching for Providence Pilgrims : LHP Bill Aylwin
Pitching: RHP Phat Tra
Batting: RHB Axel Chicote 0-0: Ball
1-0: SINGLE (Line Drive, 7S, EV 103.1 MPH)
Batting: LHB Sam Bickerton 0-0: Ball
1-0: Foul Ball, location: 2F
1-1: Fielders Choice at 2nd, 2-6 (Groundball, 13S, EV 74.4 MPH)
Batting: RHB Félix Olvera 0-0: Called Strike
0-1: Ball
1-1: Swinging Strike
1-2: Ball
2-2: Foul Ball, location: 2F
2-2: Foul Ball, location: 2F
2-2: Foul Ball, location: 2F
2-2: Foul Ball, location: 2F
2-2: Ball
3-2: Base on Balls
Sam Bickerton to second
Batting: RHB Manuel Acosta 0-0: Ball
1-0: Ball
2-0: Called Strike
2-1: SINGLE (Groundball, 6MD, EV 105.0 MPH)
Sam Bickerton to third
Félix Olvera to second
Batting: LHB Cho-yun Yip 0-0: Foul Ball, location: 2F
0-1: Called Strike
0-2: Strikes out swinging
Pinch Hitting: SHB Nathan Polkinghorne 0-0: Ball
1-0: Ball
2-0: Swinging Strike
2-1: Ball
3-1: Ground out 4-3 (Groundball, 4, EV 80.6 MPH)
Bottom of the 9th over - 0 runs, 2 hits, 0 errors, 3 left on base; Providence 3 - Tacoma 0
Friday, March 26th, 2021 - OOTP Baseball 20.8 Build 74